 Dungeon Crawl Stone Soup version 0.31-a0-145-g046c7d2549 (webtiles) character file.

Game seed: 10000532915559619463

90 patman the Insei (level 4, 0/41 HPs)
             Began as a Gnoll Monk on June 4, 2023.
             Slain by an orc wizard
             ... wielding a +0 dagger of venom
              (1 damage)
             ... on level 3 of the Dungeon.
             The game lasted 00:02:53 (657 turns).

patman the Insei (Gnoll Monk)                        Turns: 657, Time: 00:02:54

Health: 0/41       AC:  5    Str: 11    XL:     4   Next: 56%
Magic:  5/5        EV: 12    Int: 11    God:
Gold:   91         SH:  0    Dex: 14    Spells: 3/5 levels left

rFire   . .          .
                       - Unarmed
rCold   . . .        (no shield)
rNeg    . . .        k - +0 ring mail
rPois   .            (no helmet)
rElec   .            (no cloak)
rCorr   .            (no gloves)
SInv    .            (no boots)
Will    .....        (no amulet) Stlth
                     (no ring)
HPRegen 0.26/turn    (no ring)
MPRegen 0.09/turn

%: no passive effects
@: confused, lethally poisoned (0 -> -9)
A: fangs 1, strong nose, distributed training
a: no special abilities


You were on level 3 of the Dungeon.
You visited 1 branch of the dungeon, and saw 3 of its levels.

You collected 91 gold pieces.

Inventory:

Missiles
 h - 5 boomerangs (quivered)
Armour
 a - a +0 robe
 c - an orb of light
 e - the +1 chain mail "Ujyq" {*Slow rElec Will+++ Regen+}
   (You found it on level 2 of the Dungeon)

   rElec:     It insulates you from electricity.
   Regen:     It increases your rate of health regeneration.
   *Slow:     It may slow you when you take damage.
   Will:      It greatly increases your willpower.
 k - a +0 ring mail (worn)
Scrolls
 f - 2 scrolls of identify {unknown}
 g - a scroll of silence {unknown}
 j - 4 scrolls of teleportation {unknown}
 l - a scroll of enchant weapon {unknown}
Potions
 b - a potion of ambrosia
 d - a potion of heal wounds {unknown}
 i - a potion of berserk rage {unknown}


   Skills:
 + Level 6.6 Fighting
 + Level 1.2 Short Blades
 + Level 1.2 Long Blades
 + Level 1.2 Axes
 + Level 1.2 Maces & Flails
 + Level 1.2 Polearms
 + Level 1.2 Staves
 + Level 1.2 Ranged Weapons
 + Level 1.2 Throwing
 + Level 1.2 Armour
 + Level 6.6 Dodging
 + Level 1.2 Stealth
 + Level 1.2 Shields
 + Level 6.6 Unarmed Combat
 + Level 1.2 Spellcasting
 + Level 1.0 Conjurations
 + Level 1.0 Hexes
 + Level 1.0 Summonings
 + Level 1.0 Necromancy
 + Level 1.0 Translocations
 + Level 1.0 Transmutations
 + Level 1.0 Fire Magic
 + Level 1.0 Ice Magic
 + Level 1.0 Air Magic
 + Level 1.0 Earth Magic
 + Level 1.0 Poison Magic
 + Level 1.3 Invocations
 + Level 1.2 Evocations


You had 3 spell levels left.
You knew the following spells:

 Your Spells              Type           Power      Damage    Failure   Level
B - Blink                 Tloc           4%         N/A       58%         2

Your spell library contained the following spells:

 Spells                   Type           Power      Damage    Failure   Level
 Lesser Beckoning         Tloc           4%         N/A       58%         2
 Momentum Strike          Conj/Tloc      4%         3d8       58%         2


Dungeon Overview and Level Annotations

Branches:
Dungeon (3/15)

Altars:


Innate Abilities, Weirdness & Mutations

You have very sharp teeth.
Your uncanny sense of smell can sniff out nearby items.
Your experience applies equally to all skills.


Message History

You punch the orc!
You kill the orc!
You feel sick.
The orc wizard mumbles some strange words.
The orc wizard flickers and vanishes!
Deactivating autopickup; reactivate with Ctrl-A.
You feel sick. The orc hits you with a +0 club.
Things that are here:
a +0 hand axe; an orc corpse You feel sick.
You are no longer poisoned.
You hit the orc but do no damage. The orc hits you with a +0 club.
You punch the orc!
You kill the orc!
Something hits you but does no damage.
You are poisoned.
Keep equipping yourself?
You start putting on your armour.
You continue putting on your orb of light.
You feel very sick.
You hear some strange, mumbled words.
A puff of flame appears from out of thin air!
The puff of flame hits you!
* * * LOW HITPOINT WARNING * * *
You continue putting on your orb of light.
You feel sick. Something hits you.
* * * LOW HITPOINT WARNING * * *
You are lethally poisoned!
The kobold throws a stone.
The stone hits you.
* * * LOW HITPOINT WARNING * * *
You continue putting on your orb of light.
* * * LOW HITPOINT WARNING * * *
You feel very sick.
You hear some strange, mumbled words.
You are confused.
You continue putting on your orb of light.
* * * LOW HITPOINT WARNING * * *
You feel very sick. Something hits you.
You die...

#. ## .# # # .. $#
.. #. #.#. .##.
...#.#.. ...
..∆....... .. .
#.##.#.#.# .# .#
........###.##..##
.b.....@{K.......
###.###.##...#..##
..................
#.#............#
#.#...###.##.#.#
#####.#...# .# .#
# #...<.....# .# #
#.....†.....# +#
#.#.............


You could see a kobold.

Vanquished Creatures
  5 adders (D:2)
  A gnoll (D:1)
  A dart slug (D:2)
  2 orcs (D:3)
  4 ball pythons
  5 bats
  4 endoplasms
  A giant cockroach (D:2)
  3 goblins
  A hobgoblin (D:2)
  3 kobolds
  4 rats
34 creatures vanquished.

Notes
Turn   | Place    | Note
-------+----------+-------------------------------------------
     0 | D:1      | patman the Gnoll Monk began the quest for the Orb.
     0 | D:1      | Reached XP level 1. HP: 23/23 MP: 1/1
    25 | D:2      | Reached XP level 2. HP: 21/29 MP: 2/2
   124 | D:2      | Reached XP level 3. HP: 27/35 MP: 3/3
   130 | D:2      | Learned a level 2 spell: Blink
   180 | D:2      | Identified the +1 chain mail "Ujyq" {*Slow rElec Will+++
                  | Regen+}
   219 | D:1      | Reached skill level 1 in Invocations
   371 | D:2      | Reached skill level 1 in Short Blades
   371 | D:2      | Reached skill level 1 in Long Blades
   371 | D:2      | Reached skill level 1 in Axes
   371 | D:2      | Reached skill level 1 in Maces & Flails
   371 | D:2      | Reached skill level 1 in Polearms
   371 | D:2      | Reached skill level 1 in Staves
   371 | D:2      | Reached skill level 1 in Ranged Weapons
   371 | D:2      | Reached skill level 1 in Throwing
   371 | D:2      | Reached skill level 1 in Armour
   371 | D:2      | Reached skill level 1 in Stealth
   371 | D:2      | Reached skill level 1 in Shields
   371 | D:2      | Reached skill level 1 in Spellcasting
   371 | D:2      | Reached skill level 1 in Evocations
   427 | D:2      | Reached XP level 4. HP: 41/41 MP: 5/5
   433 | D:2      | Found a faded altar of an unknown god.
   570 | D:2      | Reached skill level 1 in Conjurations
   570 | D:2      | Reached skill level 1 in Hexes
   570 | D:2      | Reached skill level 1 in Summonings
   570 | D:2      | Reached skill level 1 in Necromancy
   570 | D:2      | Reached skill level 1 in Translocations
   570 | D:2      | Reached skill level 1 in Transmutations
   570 | D:2      | Reached skill level 1 in Fire Magic
   570 | D:2      | Reached skill level 1 in Ice Magic
   570 | D:2      | Reached skill level 1 in Air Magic
   570 | D:2      | Reached skill level 1 in Earth Magic
   570 | D:2      | Reached skill level 1 in Poison Magic
   657 | D:3      | HP: 1/41 [poisoned by an orc wizard]
   657 | D:3      | Slain by an orc wizard

Illustrated notes

Levels and vault maps discovered:
D:1:      dpeg_arrival_refuge, layout_loops_ring, serial_shops, shop,
          minmay_misc_feat_columns, minivault_11, chequers_avenue
D:2:      layout_basic, basic_ecumenical_altar, minivault_4, serial_bayou_lake_a
D:3:      layout_basic, xom_butterflies, serial_shops, nicolae_shop_crystal,
          patterned_corridor

Skill      XL: |  1  2  3  4 |
---------------+-------------+-----
Invocations    | 1 |  1.3
Short Blades   | 1 |  1.2
Long Blades    | 1 |  1.2
Axes           | 1 |  1.2
Maces & Flails | 1 |  1.2
Polearms       | 1 |  1.2
Staves         | 1 |  1.2
Ranged Weapons | 1 |  1.2
Throwing       | 1 |  1.2
Armour         | 1 |  1.2
Stealth        | 1 |  1.2
Shields        | 1 |  1.2
Spellcasting   | 1 |  1.2
Evocations     | 1 |  1.2
Conjurations   | 1 |  1.0
Hexes          | 1 |  1.0
Summonings     | 1 |  1.0
Necromancy     | 1 |  1.0
Translocations | 1 |  1.0
Transmutations | 1 |  1.0
Fire Magic     | 1 |  1.0
Ice Magic      | 1 |  1.0
Air Magic      | 1 |  1.0
Earth Magic    | 1 |  1.0
Poison Magic   | 1 |  1.0
Fighting       | |  6.6
Dodging        | |  6.6
Unarmed Combat | |  6.6

Action                     |  1- 3 |  4- 6 || total
---------------------------+-------+-------++-------
  Melee: Unarmed           |    63 |    45 ||   108
         Bite              |     6 |     3 ||     9
         Punch             |     1 |     1 ||     2
 Armour: Robe              |     7 |       ||     7
         Ring mail         |     4 |    27 ||    31
  Dodge: Dodged            |    47 |    49 ||    96

Table legend: (Time is in decaauts)
 A = Elapsed time spent in this place.
 B = Non-inter-level travel time spent in this place.
 C = Inter-level travel time spent in this place.
 D = Time resting spent in this place.
 E = Time spent auto-exploring this place.
 F = Levels seen in this place.
 G = Mean time per level.
                   A        B        C        D        E       F      G
               +--------+--------+--------+--------+--------+-----+--------+
         Total |    647 |    633 |     14 |     35 |    223 |   3 |  215.7 |
       Dungeon |    647 |    633 |     14 |     35 |    223 |   3 |  215.7 |
               +--------+--------+--------+--------+--------+-----+--------+

Top non-repeatable levels by time:
     D:2: 388 daAuts
     D:1: 194 daAuts
     D:3: 63 daAuts
